Sewer Rats vs Demolitions

Created - 28 avril 2013 at 19:09

Goals
1 2 3 OT1 T
Sewer Rats 0 1 1 0 2
Demolitions 0 0 2 1 3
Shots
1 2 3 OT1 T
Sewer Rats 14 18 12 0 44
Demolitions 11 3 15 1 30

1st period

No Goal

Penalties :
Troy Brouwer (Vic) for Slashing (Minor) at 8:40, John Erskine (Tol) for Hooking (Minor) at 17:02

2nd period

1. Sewer Rats , Derick Brassard 30 (Eric Fehr, Kyle Quincey) at 9:06

Penalties :
Karel Rachunek (Tol) for Slashing (Minor) at 11:00, Nicolas Blanchard (Vic) for Hooking (Minor) at 19:04

3rd period

2. Sewer Rats , Max Pacioretty 27 (Eric Fehr, Bryan Little) at 0:39 (PP)
3. Demolitions , Anssi Salmela 3 (Anthony Stewart, Brad Richardson) at 5:46
4. Demolitions , Taylor Chorney 1 (Marco Sturm, Antero Niittymaki) at 9:39

Penalties :
No Penalty

Overtime #1

5. Demolitions , Brad Richardson 37 (Dennis Seidenberg) at 0:06

Penalties :
No Penalty

Goalie Stats

Jonas Gustavsson (Tol), 27 saves from 30 shots - (0,900), OTL, 25-15-3, 60:06 minutes
Antero Niittymaki (Vic), 42 saves from 44 shots - (0,955), W, 25-22-3, 60:06 minutes

Players Stats for Sewer Rats

Player Name              G  A  P  +/- PIM S  H  SB GA TA FO     MP     PP MP  PK MP  
------------------------------------------------------------------------------------
Brandon Sutter           0  0  0   0  0   1  0  0  0  0  2/3    11:25   0:00   2:00 
Bryan Little             0  1  1  -2  0   12 4  0  2  0  15/29  21:18   2:15   1:12 
Derek Dorsett            0  0  0   0  0   2  1  0  0  0  0/0     9:14   0:00   0:00 
Derick Brassard          1  0  1   0  0   2  0  0  0  1  10/16  16:54   1:19   0:00 
Eric Fehr                0  2  2   0  0   4  0  0  2  0  2/5    17:55   2:15   0:00 
John Erskine             0  0  0  -1  2   0  5  0  0  0  0/0    12:49   0:00   1:04 
John-Michael Liles       0  0  0  -2  0   3  3  3  0  0  0/0    21:37   2:33   0:53 
Jonathan Paiement        0  0  0   1  0   0  0  0  0  1  0/0     9:27   0:00   1:37 
Karel Rachunek           0  0  0  -2  2   1  4  2  0  0  0/0    17:30   2:33   0:10 
Kyle Okposo              0  0  0  -2  0   0  1  0  1  0  0/1    19:32   1:19   0:00 
Kyle Quincey             0  1  1   0  0   3  1  0  0  0  0/0    14:51   1:01   0:00 
Lars Eller               0  0  0   0  0   1  1  0  0  0  2/4     9:14   0:00   0:00 
Mark Mancari             0  0  0   0  0   2  1  0  0  2  1/1    10:34   0:00   0:47 
Matt Lashoff             0  0  0   0  0   2  2  0  1  1  0/0    17:25   0:00   2:11 
Max Pacioretty           1  0  1  -2  0   1  1  0  0  0  0/2    20:35   2:15   0:00 
Mike Rathje              0  0  0  -1  0   2  2  2  2  0  0/0    19:23   1:01   2:01 
Niko Dimitrakos          0  0  0   0  0   0  0  0  0  0  0/0     2:13   0:00   2:05 
Pat Rissmiller           0  0  0   1  0   4  0  0  0  0  0/0    17:38   1:19   0:49 
Steven Kampfer           0  0  0   1  0   0  0  0  0  0  0/0     7:10   0:00   0:00 
Tom Sestito              0  0  0   0  0   1  1  1  0  1  0/0     9:14   0:00   0:00 
Vojtech Polak            0  0  0   0  0   3  0  0  1  0  1/1    10:26   0:00   1:03 

Players Stats for Demolitions

Player Name              G  A  P  +/- PIM S  H  SB GA TA FO     MP     PP MP  PK MP  
------------------------------------------------------------------------------------
Anssi Salmela            1  0  1   1  0   1  1  2  0  0  0/0    23:24   1:35   1:44 
Anthony Stewart          0  1  1   0  0   7  2  0  0  0  1/1    20:10   2:07   0:31 
Brad Richardson          1  1  2   2  0   5  3  0  0  2  18/34  26:25   2:07   1:57 
Brandon Bochenski        0  0  0   1  0   4  2  1  1  0  0/0    18:48   2:02   0:00 
Dennis Seidenberg        0  1  1   2  0   2  1  3  1  5  0/0    29:29   2:01   1:50 
James Sheppard           0  0  0  -1  0   0  0  2  0  0  0/2     8:04   0:00   0:00 
Josh Beaulieu            0  0  0   0  0   0  0  0  0  0  0/0     2:26   0:00   0:31 
Kyle Wharton             0  0  0   0  0   0  1  1  0  0  0/0    21:06   1:35   1:44 
Marc-André Bernier       0  0  0  -1  0   1  0  0  3  0  1/2    12:54   0:15   0:00 
Marco Sturm              0  1  1   2  0   0  2  2  0  0  1/3    21:06   2:07   2:32 
Masi Marjamaki           0  0  0  -1  0   0  0  0  0  0  0/0     8:16   0:00   0:00 
Nicolas Blanchard        0  0  0   0  2   0  1  0  0  0  2/5    13:35   0:00   0:30 
Petr Vrana               0  0  0   0  0   2  2  0  1  0  0/0    12:42   0:04   0:00 
Robert Bortuzzo          0  0  0   0  0   0  1  0  0  0  0/0    12:39   0:26   0:00 
Robert Klinkhammer       0  0  0   0  0   0  0  0  0  0  0/0     0:00   0:00   0:00 
Ryan Craig               0  0  0   1  0   2  2  1  0  0  6/14   19:04   1:47   1:07 
Taylor Chorney           1  0  1   2  0   3  4  1  0  2  0/0    29:05   1:57   1:50 
Troy Brouwer             0  0  0   1  2   3  2  0  0  0  0/1    17:35   1:47   0:00 
Vince Rocco              0  0  0   0  0   0  0  0  0  0  0/0     0:00   0:00   0:00 

3 Stars

1 - Brad Richardson (Vic)
2 - Taylor Chorney (Vic)
3 - Antero Niittymaki (Vic)

Power Play

Sewer Rats - 1 on 2 Attempt(s) - 50,00%
Demolitions - 0 on 2 Attempt(s) - 0,00%

Penalty Kill

Sewer Rats - 2 on 2 Attempt(s) - 100,00% - Score 0 goal in Penalty Kill
Demolitions - 1 on 2 Attempt(s) - 50,00% - Score 0 goal in Penalty Kill

Official

Referees : Charron Francis and McCreary Bill
Linesman : Jonny Murray and Derek Amell

Game Notes

Karel Rachunek is injured at 9:47 of 3rd period (Back)

Sewer Rats

5 vs 5 Forward 
   Center                   Left Wing                Right Wing               Time % Phy DF OF 
 1 Bryan Little             Max Pacioretty           Kyle Okposo              40     1   2  2  
 2 Derick Brassard          Pat Rissmiller           Eric Fehr                30     1   2  2  
 3 Brandon Sutter           Vojtech Polak            Mark Mancari             15     1   2  2  
 4 Lars Eller               Tom Sestito              Derek Dorsett            15     1   2  2  

5 vs 5 Defense 
   Defense                  Defense                                           Time % Phy DF OF 
 1 John-Michael Liles       Karel Rachunek                                    35     1   2  2  
 2 Mike Rathje              Matt Lashoff                                      30     1   2  2  
 3 John Erskine             Kyle Quincey                                      25     1   2  2  
 4 Jonathan Paiement        Steven Kampfer                                    10     1   2  2  

PowerPlay Forward 
   Center                   Left Wing                Right Wing               Time % Phy DF OF 
 1 Bryan Little             Max Pacioretty           Eric Fehr                60     1   2  2  
 2 Derick Brassard          Pat Rissmiller           Kyle Okposo              40     1   2  2  

PowerPlay Defense
   Defense                  Defense                                           Time % Phy DF OF 
 1 John-Michael Liles       Karel Rachunek                                    60     1   2  2  
 2 Mike Rathje              Kyle Quincey                                      40     1   2  2  

Penalty Kill 4 Players Forward 
   Center                   Wing                     Time % Phy DF OF 
 1 Brandon Sutter           Niko Dimitrakos          60     1   2  2  
 2 Bryan Little             Vojtech Polak            40     1   2  2  

Penalty Kill 4 Players Defense
   Defense                  Defense                  Time % Phy DF OF 
 1 Matt Lashoff             John Erskine             60     1   2  2  
 2 Karel Rachunek           Mike Rathje              40     1   2  2  

Penalty Kill - 3 Players Forward 
   Forward                                           Time % Phy DF OF 
 1 Bryan Little                                      60     1   2  2  
 2 Eric Fehr                                         40     1   2  2  

Penalty Kill - 3 Players Defense
   Defense                  Defense                  Time % Phy DF OF 
 1 Matt Lashoff             John Erskine             60     1   2  2  
 2 Karel Rachunek           Mike Rathje              40     1   2  2  

4 vs 4 Forward 
   Center                   Wing                     Time % Phy DF OF 
 1 Derick Brassard          Eric Fehr                60     1   2  2  
 2 Bryan Little             Niko Dimitrakos          40     1   2  2  

4 vs 4 Defense
   Defense                  Defense                  Time % Phy DF OF 
 1 Mike Rathje              John Erskine             60     1   2  2  
 2 Karel Rachunek           Matt Lashoff             40     1   2  2  

Last Minutes Offensive
   Center                   Left Wing                Right Wing               Defense                  Defense                  
   Derick Brassard          Max Pacioretty           Kyle Okposo              Mike Rathje              Karel Rachunek           

Last Minutes Defensive
   Center                   Left Wing                Right Wing               Defense                  Defense                  
   Bryan Little             Pat Rissmiller           Eric Fehr                Mike Rathje              John Erskine             

Goaltenders
Starting : Jonas Gustavsson         
Backup : Jhonas Enroth            

Extra Forwards
Normal : Kyle Okposo, Max Pacioretty, Mark Mancari - PP : Kyle Okposo, Max Pacioretty - PK : Mark Mancari
Extra Defensemen
Normal : Kyle Quincey, Mike Rathje, Jonathan Paiement - PP : Kyle Quincey - PK : Mike Rathje, Jonathan Paiement
Penalty Shots
Kyle Okposo, Eric Fehr, Derick Brassard, Niko Dimitrakos, Max Pacioretty

Demolitions

5 vs 5 Forward 
   Center                   Left Wing                Right Wing               Time % Phy DF OF 
 1 Brad Richardson          Marco Sturm              Anthony Stewart          40     1   2  2  
 2 Ryan Craig               Troy Brouwer             Brandon Bochenski        30     1   2  2  
 3 Nicolas Blanchard        Petr Vrana               Marc-André Bernier       20     1   2  2  
 4 James Sheppard           Masi Marjamaki           Brad Richardson          10     1   2  2  

5 vs 5 Defense 
   Defense                  Defense                                           Time % Phy DF OF 
 1 Dennis Seidenberg        Taylor Chorney                                    40     1   2  2  
 2 Anssi Salmela            Kyle Wharton                                      30     1   2  2  
 3 Robert Bortuzzo          Dennis Seidenberg                                 20     1   2  2  
 4 Taylor Chorney           Anssi Salmela                                     10     1   2  2  

PowerPlay Forward 
   Center                   Left Wing                Right Wing               Time % Phy DF OF 
 1 Brad Richardson          Marco Sturm              Anthony Stewart          60     1   2  2  
 2 Ryan Craig               Troy Brouwer             Brandon Bochenski        40     1   2  2  

PowerPlay Defense
   Defense                  Defense                                           Time % Phy DF OF 
 1 Dennis Seidenberg        Taylor Chorney                                    60     1   2  2  
 2 Anssi Salmela            Kyle Wharton                                      40     1   2  2  

Penalty Kill 4 Players Forward 
   Center                   Wing                     Time % Phy DF OF 
 1 Brad Richardson          Marco Sturm              60     1   2  2  
 2 Anthony Stewart          Ryan Craig               40     1   2  2  

Penalty Kill 4 Players Defense
   Defense                  Defense                  Time % Phy DF OF 
 1 Dennis Seidenberg        Taylor Chorney           60     1   2  2  
 2 Anssi Salmela            Kyle Wharton             40     1   2  2  

Penalty Kill - 3 Players Forward 
   Forward                                           Time % Phy DF OF 
 1 Brad Richardson                                   60     1   2  2  
 2 Marco Sturm                                       40     1   2  2  

Penalty Kill - 3 Players Defense
   Defense                  Defense                  Time % Phy DF OF 
 1 Dennis Seidenberg        Taylor Chorney           60     1   2  2  
 2 Anssi Salmela            Kyle Wharton             40     1   2  2  

4 vs 4 Forward 
   Center                   Wing                     Time % Phy DF OF 
 1 Brad Richardson          Marco Sturm              60     1   2  2  
 2 Anthony Stewart          Ryan Craig               40     1   2  2  

4 vs 4 Defense
   Defense                  Defense                  Time % Phy DF OF 
 1 Dennis Seidenberg        Taylor Chorney           60     1   2  2  
 2 Anssi Salmela            Kyle Wharton             40     1   2  2  

Last Minutes Offensive
   Center                   Left Wing                Right Wing               Defense                  Defense                  
   Brad Richardson          Marco Sturm              Anthony Stewart          Dennis Seidenberg        Taylor Chorney           

Last Minutes Defensive
   Center                   Left Wing                Right Wing               Defense                  Defense                  
   Brad Richardson          Marco Sturm              Anthony Stewart          Dennis Seidenberg        Taylor Chorney           

Goaltenders
Starting : Antero Niittymaki        
Backup : Sergei Bobrovsky         

Extra Forwards
Normal : Marc-André Bernier, Petr Vrana, Nicolas Blanchard - PP : Marc-André Bernier, Petr Vrana - PK : Nicolas Blanchard
Extra Defensemen
Normal : Robert Bortuzzo, Kyle Wharton, Dennis Seidenberg - PP : Robert Bortuzzo - PK : Kyle Wharton, Dennis Seidenberg
Penalty Shots
Brad Richardson, Marco Sturm, Anthony Stewart, Ryan Craig, Brandon Bochenski

% Time on Ice - Sewer Rats

Lines # - Real PCT - Wanted PCT - Time Play
Normal Forward
1 - 34% - 40% - 17:53
2 - 30% - 30% - 15:58
3 - 18% - 15% - 9:23
4 - 18% - 15% - 9:14
Normal Defense
1 - 35% - 35% - 18:11
2 - 30% - 30% - 15:29
3 - 22% - 25% - 11:38
4 - 14% - 10% - 7:10
PP Forward
1 - 63% - 60% - 2:15
2 - 37% - 40% - 1:19
PP Defense
1 - 71% - 60% - 2:33
2 - 29% - 40% - 1:01
PK Forward
1 - 74% - 60% - 2:55
2 - 26% - 40% - 1:03
PK Defense
1 - 73% - 60% - 2:53
2 - 27% - 40% - 1:05
PK3 Forward
1 - 0% - 60%
2 - 0% - 40%
PK3 Defense
1 - 0% - 60%
2 - 0% - 40%
44 Forward
1 - 100% - 60% - 0:06
2 - 0% - 40% - 0:00
44 Defense
1 - 100% - 60% - 0:06
2 - 0% - 40% - 0:00
Last Minute Offensive  - 0:00
Last Minute Defensive  - 0:00
Total
Forward - 60:06
Defense - 60:06

% Time on Ice - Demolitions

Lines # - Real PCT - Wanted PCT - Time Play
Normal Forward
1 - 32% - 40% - 17:00
2 - 30% - 30% - 15:41
3 - 23% - 20% - 12:02
4 - 15% - 10% - 7:45
Normal Defense
1 - 37% - 40% - 19:39
2 - 34% - 30% - 17:47
3 - 22% - 20% - 11:37
4 - 7% - 10% - 3:25
PP Forward
1 - 55% - 60% - 2:11
2 - 45% - 40% - 1:47
PP Defense
1 - 60% - 60% - 2:23
2 - 40% - 40% - 1:35
PK Forward
1 - 86% - 60% - 3:03
2 - 14% - 40% - 0:31
PK Defense
1 - 51% - 60% - 1:50
2 - 49% - 40% - 1:44
PK3 Forward
1 - 0% - 60%
2 - 0% - 40%
PK3 Defense
1 - 0% - 60%
2 - 0% - 40%
44 Forward
1 - 100% - 60% - 0:06
2 - 0% - 40% - 0:00
44 Defense
1 - 100% - 60% - 0:06
2 - 0% - 40% - 0:00
Last Minute Offensive  - 0:00
Last Minute Defensive  - 0:00
Total
Forward - 60:06
Defense - 60:06

Play by Play

1st period


0:01 of 1st period - Brad Richardson wins face-off versus Bryan Little in neutral zone.
0:08 of 1st period - Snap shot by Anthony Stewart.
0:08 of 1st period - Stopped by Jonas Gustavsson with a rebound.
0:12 of 1st period - Snap shot by Brad Richardson.
0:12 of 1st period - Stopped by Jonas Gustavsson with a rebound.
0:14 of 1st period - Wrist shot by Anthony Stewart.
0:14 of 1st period - Shot Misses the Net.
0:16 of 1st period - Slapshot by Taylor Chorney.
0:16 of 1st period - Deflect By Brad Richardson.
0:16 of 1st period - Shot Blocked by John-Michael Liles.
0:16 of 1st period - Puck is out of play.
0:17 of 1st period - Ryan Craig wins face-off versus Derick Brassard in Sewer Rats zone.
0:26 of 1st period - Snap shot by Brandon Bochenski.
0:26 of 1st period - Stopped by Jonas Gustavsson with a rebound.
1:32 of 1st period - Wrist shot by Anthony Stewart.
1:32 of 1st period - Shot Misses the Net.
1:34 of 1st period - Snap shot by Brad Richardson.
1:34 of 1st period - Stopped by Jonas Gustavsson without a rebound.
1:35 of 1st period - Derick Brassard wins face-off versus James Sheppard in Sewer Rats zone.
1:42 of 1st period - Wrist shot by Pat Rissmiller.
1:42 of 1st period - Stopped by Antero Niittymaki with a rebound.
1:44 of 1st period - Slapshot by Pat Rissmiller.
1:44 of 1st period - Shot Misses the Net.
2:24 of 1st period - Bryan Little is hit by Robert Bortuzzo and loses puck.
2:45 of 1st period - Wrist shot by Derick Brassard.
2:45 of 1st period - Stopped by Antero Niittymaki without a rebound.
2:46 of 1st period - Ryan Craig wins face-off versus Derick Brassard in Demolitions zone.
3:11 of 1st period - Kyle Okposo is hit by Anthony Stewart and loses puck.
3:32 of 1st period - Snap shot by Petr Vrana.
3:32 of 1st period - Stopped by Jonas Gustavsson with a rebound.
4:44 of 1st period - Anssi Salmela is hit by John Erskine and loses puck.
5:33 of 1st period - Icing by Kyle Wharton.
5:34 of 1st period - Mark Mancari wins face-off versus James Sheppard in Demolitions zone.
5:38 of 1st period - Icing by Taylor Chorney.
5:39 of 1st period - Bryan Little wins face-off versus Brad Richardson in Demolitions zone.
6:02 of 1st period - Taylor Chorney is hit by Kyle Quincey and loses puck.
6:21 of 1st period - Slapshot by Bryan Little.
6:21 of 1st period - Shot Blocked by James Sheppard.
6:39 of 1st period - Snap shot by Brad Richardson.
6:39 of 1st period - Stopped by Jonas Gustavsson without a rebound.
6:40 of 1st period - Derick Brassard wins face-off versus Ryan Craig in Sewer Rats zone.
6:45 of 1st period - Snap shot by Troy Brouwer.
6:45 of 1st period - Deflect By Ryan Craig.
6:45 of 1st period - Shot Hit the Post.
6:45 of 1st period - Puck is out of play.
6:46 of 1st period - Eric Fehr wins face-off versus Troy Brouwer in Sewer Rats zone.
7:11 of 1st period - Slapshot by Mike Rathje.
7:11 of 1st period - Deflect By Tom Sestito.
7:11 of 1st period - Stopped by Antero Niittymaki without a rebound.
7:12 of 1st period - Marc-André Bernier wins face-off versus Lars Eller in Demolitions zone.
7:17 of 1st period - John-Michael Liles is hit by Petr Vrana and loses puck.
7:24 of 1st period - Slapshot by Karel Rachunek.
7:24 of 1st period - Deflect By Derek Dorsett.
7:24 of 1st period - Shot Misses the Net.
7:24 of 1st period - Puck is out of play.
7:25 of 1st period - Derick Brassard wins face-off versus Brad Richardson in Demolitions zone.
7:34 of 1st period - Eric Fehr is hit by Taylor Chorney and loses puck.
7:48 of 1st period - John-Michael Liles is hit by Dennis Seidenberg and loses puck.
7:55 of 1st period - Snap shot by Troy Brouwer.
7:55 of 1st period - Stopped by Jonas Gustavsson with a rebound.
8:10 of 1st period - Snap shot by Bryan Little.
8:10 of 1st period - Stopped by Antero Niittymaki without a rebound.
8:11 of 1st period - Bryan Little wins face-off versus Brad Richardson in Demolitions zone.
8:16 of 1st period - Wrist shot by Bryan Little.
8:16 of 1st period - Stopped by Antero Niittymaki with a rebound.
8:18 of 1st period - Wrist shot by Kyle Okposo.
8:18 of 1st period - Shot Misses the Net.
8:36 of 1st period - Dennis Seidenberg is hit by John Erskine and loses puck.
8:40 of 1st period - Minor Penalty to Troy Brouwer for Slashing.
8:41 of 1st period - Brad Richardson wins face-off versus Bryan Little in Demolitions zone.
9:12 of 1st period - John-Michael Liles is hit by Taylor Chorney and loses puck.
9:51 of 1st period - Bryan Little is hit by Anssi Salmela and loses puck.
10:40 of 1st period - Penalty to Troy Brouwer is over, Troy Brouwer is back on ice.
10:51 of 1st period - Mike Rathje is hit by Troy Brouwer.
10:54 of 1st period - Off-side.
10:55 of 1st period - Vojtech Polak wins face-off versus Ryan Craig in neutral zone.
11:13 of 1st period - Anssi Salmela is hit by John-Michael Liles and loses puck.
11:22 of 1st period - Snap shot by Mark Mancari.
11:22 of 1st period - Stopped by Antero Niittymaki with a rebound.
11:24 of 1st period - Snap shot by Brandon Sutter.
11:24 of 1st period - Shot Blocked by Ryan Craig.
11:26 of 1st period - Snap shot by Vojtech Polak.
11:26 of 1st period - Shot Misses the Net.
11:28 of 1st period - Slapshot by Jonathan Paiement.
11:28 of 1st period - Deflect By Vojtech Polak.
11:28 of 1st period - Stopped by Antero Niittymaki with a rebound.
11:30 of 1st period - Snap shot by Vojtech Polak.
11:30 of 1st period - Shot Blocked by Brandon Bochenski.
11:32 of 1st period - Snap shot by Vojtech Polak.
11:32 of 1st period - Stopped by Antero Niittymaki without a rebound.
11:33 of 1st period - Bryan Little wins face-off versus Brad Richardson in Demolitions zone.
11:34 of 1st period - Backhand shot by Max Pacioretty.
11:34 of 1st period - Deflect By Bryan Little.
11:34 of 1st period - Stopped by Antero Niittymaki without a rebound.
11:35 of 1st period - Bryan Little wins face-off versus Brad Richardson in Demolitions zone.
12:22 of 1st period - Pat Rissmiller is hit by Ryan Craig and loses puck.
12:31 of 1st period - Slapshot by Derick Brassard.
12:31 of 1st period - Shot Misses the Net.
13:51 of 1st period - Slapshot by John-Michael Liles.
13:51 of 1st period - Stopped by Antero Niittymaki without a rebound.
13:52 of 1st period - Lars Eller wins face-off versus Nicolas Blanchard in Demolitions zone.
14:01 of 1st period - Wrist shot by Petr Vrana.
14:01 of 1st period - Stopped by Jonas Gustavsson with a rebound.
14:03 of 1st period - Wrist shot by Marc-André Bernier.
14:03 of 1st period - Stopped by Jonas Gustavsson with a rebound.
14:17 of 1st period - Kyle Wharton is hit by Bryan Little and loses puck.
15:22 of 1st period - Anthony Stewart is hit by Lars Eller and loses puck.
15:27 of 1st period - Slapshot by Mike Rathje.
15:27 of 1st period - Stopped by Antero Niittymaki with a rebound.
15:29 of 1st period - Slapshot by Mike Rathje.
15:29 of 1st period - Shot Misses the Net.
15:31 of 1st period - Slapshot by Matt Lashoff.
15:31 of 1st period - Stopped by Antero Niittymaki with a rebound.
15:55 of 1st period - Snap shot by Marc-André Bernier.
15:55 of 1st period - Shot Misses the Net.
15:57 of 1st period - Slapshot by Taylor Chorney.
15:57 of 1st period - Stopped by Jonas Gustavsson without a rebound.
15:58 of 1st period - Nicolas Blanchard wins face-off versus Derick Brassard in Sewer Rats zone.
16:07 of 1st period - Slapshot by John-Michael Liles.
16:07 of 1st period - Stopped by Antero Niittymaki with a rebound.
16:29 of 1st period - Slapshot by Anthony Stewart.
16:29 of 1st period - Stopped by Jonas Gustavsson with a rebound.
17:02 of 1st period - Minor Penalty to John Erskine for Hooking.
17:03 of 1st period - Brandon Sutter wins face-off versus Marco Sturm in Sewer Rats zone.
17:18 of 1st period - Brandon Sutter is hit by Taylor Chorney and loses puck.
17:33 of 1st period - Anssi Salmela is hit by Mike Rathje.
17:37 of 1st period - Brandon Sutter is hit by Brandon Bochenski and loses puck.
18:34 of 1st period - Marco Sturm is hit by Bryan Little and loses puck.
19:02 of 1st period - Penalty to John Erskine is over, John Erskine is back on ice.
19:09 of 1st period - Snap shot by Derek Dorsett.
19:09 of 1st period - Shot Misses the Net.
19:33 of 1st period - Snap shot by Bryan Little.
19:33 of 1st period - Stopped by Antero Niittymaki without a rebound.
19:34 of 1st period - Derick Brassard wins face-off versus Brad Richardson in Demolitions zone.

2nd period


0:01 of 2nd period - Bryan Little wins face-off versus Brad Richardson in neutral zone.
0:16 of 2nd period - Wrist shot by Brad Richardson.
0:16 of 2nd period - Deflect By Marco Sturm.
0:16 of 2nd period - Shot Blocked by Mike Rathje.
0:16 of 2nd period - Puck is out of play.
0:17 of 2nd period - Ryan Craig wins face-off versus Derick Brassard in Sewer Rats zone.
0:28 of 2nd period - Slapshot by Ryan Craig.
0:28 of 2nd period - Deflect By Brandon Bochenski.
0:28 of 2nd period - Stopped by Jonas Gustavsson without a rebound.
0:29 of 2nd period - Brad Richardson wins face-off versus Bryan Little in Sewer Rats zone.
0:38 of 2nd period - Slapshot by Mike Rathje.
0:38 of 2nd period - Shot Blocked by Taylor Chorney.
0:40 of 2nd period - Wrist shot by Kyle Okposo.
0:40 of 2nd period - Shot Misses the Net.
0:42 of 2nd period - Wrist shot by Max Pacioretty.
0:42 of 2nd period - Shot Misses the Net.
0:44 of 2nd period - Snap shot by Matt Lashoff.
0:44 of 2nd period - Shot Blocked by Dennis Seidenberg.
1:03 of 2nd period - Snap shot by Eric Fehr.
1:03 of 2nd period - Stopped by Antero Niittymaki with a rebound.
2:33 of 2nd period - Kyle Wharton is hit by John Erskine and loses puck.
4:05 of 2nd period - Karel Rachunek is hit by Brad Richardson.
4:17 of 2nd period - Snap shot by Anthony Stewart.
4:17 of 2nd period - Shot Misses the Net.
4:19 of 2nd period - Slapshot by Anssi Salmela.
4:19 of 2nd period - Shot Misses the Net.
4:33 of 2nd period - Brandon Bochenski is hit by Karel Rachunek and loses puck.
5:08 of 2nd period - Taylor Chorney is hit by Bryan Little.
5:54 of 2nd period - Mike Rathje is hit by Marco Sturm and loses puck.
6:32 of 2nd period - Snap shot by Vojtech Polak.
6:32 of 2nd period - Stopped by Antero Niittymaki with a rebound.
6:34 of 2nd period - Snap shot by Brandon Sutter.
6:34 of 2nd period - Shot Blocked by Marco Sturm.
6:54 of 2nd period - Slapshot by Bryan Little.
6:54 of 2nd period - Shot Blocked by James Sheppard.
9:00 of 2nd period - Slapshot by Kyle Quincey.
9:00 of 2nd period - Stopped by Antero Niittymaki with a rebound.
9:06 of 2nd period - Wrist shot by Derick Brassard.
9:06 of 2nd period - Goal by Derick Brassard - Sewer Rats : 1 - Demolitions : 0.
9:07 of 2nd period - Bryan Little wins face-off versus Ryan Craig in neutral zone.
9:12 of 2nd period - Snap shot by Bryan Little.
9:12 of 2nd period - Stopped by Antero Niittymaki without a rebound.
9:13 of 2nd period - Ryan Craig wins face-off versus Bryan Little in Demolitions zone.
9:24 of 2nd period - Slapshot by Taylor Chorney.
9:24 of 2nd period - Shot Blocked by John-Michael Liles.
9:26 of 2nd period - Slapshot by Dennis Seidenberg.
9:26 of 2nd period - Shot Blocked by Karel Rachunek.
9:28 of 2nd period - Backhand shot by Ryan Craig.
9:28 of 2nd period - Shot Blocked by John-Michael Liles.
9:40 of 2nd period - Snap shot by Anthony Stewart.
9:40 of 2nd period - Stopped by Jonas Gustavsson without a rebound.
9:41 of 2nd period - Derick Brassard wins face-off versus Brad Richardson in Sewer Rats zone.
9:54 of 2nd period - Snap shot by Pat Rissmiller.
9:54 of 2nd period - Stopped by Antero Niittymaki without a rebound.
9:55 of 2nd period - Brad Richardson wins face-off versus Bryan Little in Demolitions zone.
10:10 of 2nd period - Snap shot by Dennis Seidenberg.
10:10 of 2nd period - Deflect By Brad Richardson.
10:10 of 2nd period - Shot Misses the Net.
10:10 of 2nd period - Puck is out of play.
10:11 of 2nd period - Derick Brassard wins face-off versus Brad Richardson in Sewer Rats zone.
10:34 of 2nd period - Derick Brassard is hit by Petr Vrana.
10:46 of 2nd period - Slapshot by Eric Fehr.
10:46 of 2nd period - Stopped by Antero Niittymaki with a rebound.
10:50 of 2nd period - Slapshot by Eric Fehr.
10:50 of 2nd period - Stopped by Antero Niittymaki without a rebound.
10:51 of 2nd period - Anthony Stewart wins face-off versus Bryan Little in Demolitions zone.
10:51 of 2nd period - Anthony Stewart is hit by John-Michael Liles.
11:00 of 2nd period - Minor Penalty to Karel Rachunek for Slashing.
11:01 of 2nd period - Brandon Sutter wins face-off versus Brad Richardson in Sewer Rats zone.
11:12 of 2nd period - Brandon Sutter is hit by Marco Sturm and loses puck.
11:36 of 2nd period - Slapshot by Dennis Seidenberg.
11:36 of 2nd period - Stopped by Jonas Gustavsson with a rebound.
12:20 of 2nd period - Dennis Seidenberg is hit by John Erskine and loses puck.
13:00 of 2nd period - Penalty to Karel Rachunek is over, Karel Rachunek is back on ice.
13:03 of 2nd period - Troy Brouwer is hit by Karel Rachunek and loses puck.
14:17 of 2nd period - Snap shot by Max Pacioretty.
14:17 of 2nd period - Shot Misses the Net.
14:19 of 2nd period - Slapshot by Kyle Quincey.
14:19 of 2nd period - Stopped by Antero Niittymaki with a rebound.
14:48 of 2nd period - Wrist shot by Mark Mancari.
14:48 of 2nd period - Stopped by Antero Niittymaki with a rebound.
15:10 of 2nd period - Snap shot by Kyle Okposo.
15:10 of 2nd period - Deflect By Bryan Little.
15:10 of 2nd period - Stopped by Antero Niittymaki with a rebound.
15:12 of 2nd period - Snap shot by Mike Rathje.
15:12 of 2nd period - Deflect By Bryan Little.
15:12 of 2nd period - Shot Misses the Net.
15:12 of 2nd period - Puck is out of play.
15:13 of 2nd period - Bryan Little wins face-off versus Ryan Craig in Demolitions zone.
15:18 of 2nd period - Snap shot by Kyle Okposo.
15:18 of 2nd period - Shot Blocked by Dennis Seidenberg.
15:20 of 2nd period - Wrist shot by Bryan Little.
15:20 of 2nd period - Shot Misses the Net.
15:39 of 2nd period - Dennis Seidenberg is hit by Max Pacioretty and loses puck.
15:55 of 2nd period - Wrist shot by Matt Lashoff.
15:55 of 2nd period - Deflect By Taylor Chorney.
15:55 of 2nd period - Stopped by Antero Niittymaki with a rebound.
15:57 of 2nd period - Slapshot by Mike Rathje.
15:57 of 2nd period - Stopped by Antero Niittymaki with a rebound.
15:59 of 2nd period - Wrist shot by Bryan Little.
15:59 of 2nd period - Stopped by Antero Niittymaki with a rebound.
16:01 of 2nd period - Slapshot by Matt Lashoff.
16:01 of 2nd period - Shot Misses the Net.
16:03 of 2nd period - Slapshot by Mike Rathje.
16:03 of 2nd period - Shot Misses the Net.
16:09 of 2nd period - Snap shot by Bryan Little.
16:09 of 2nd period - Shot Misses the Net.
16:11 of 2nd period - Snap shot by Mike Rathje.
16:11 of 2nd period - Deflect By Bryan Little.
16:11 of 2nd period - Stopped by Antero Niittymaki without a rebound.
16:12 of 2nd period - Brad Richardson wins face-off versus Eric Fehr in Demolitions zone.
16:22 of 2nd period - Eric Fehr is hit by Kyle Wharton and loses puck.
16:37 of 2nd period - Petr Vrana is hit by Karel Rachunek and loses puck.
17:33 of 2nd period - Steven Kampfer is hit by Taylor Chorney and loses puck.
17:51 of 2nd period - Off-side.
17:52 of 2nd period - Derick Brassard wins face-off versus Nicolas Blanchard in neutral zone.
18:14 of 2nd period - Eric Fehr is hit by Brad Richardson and loses puck.
18:29 of 2nd period - Kyle Wharton is hit by Mike Rathje and loses puck.
18:36 of 2nd period - Kyle Okposo is hit by Ryan Craig and loses puck.
19:04 of 2nd period - Minor Penalty to Nicolas Blanchard for Hooking.
19:05 of 2nd period - Brad Richardson wins face-off versus Bryan Little in Demolitions zone.
19:18 of 2nd period - Snap shot by Bryan Little.
19:18 of 2nd period - Stopped by Antero Niittymaki with a rebound.
19:30 of 2nd period - Ryan Craig is hit by Karel Rachunek.
19:40 of 2nd period - Wrist shot by Derick Brassard.
19:40 of 2nd period - Shot Blocked by Kyle Wharton.
19:46 of 2nd period - Snap shot by Pat Rissmiller.
19:46 of 2nd period - Stopped by Antero Niittymaki with a rebound.
19:48 of 2nd period - Wrist shot by Pat Rissmiller.
19:48 of 2nd period - Shot Blocked by Anssi Salmela.
19:52 of 2nd period - Snap shot by Pat Rissmiller.
19:52 of 2nd period - Stopped by Antero Niittymaki with a rebound.

3rd period


0:01 of 3rd period - Bryan Little wins face-off versus Marco Sturm in neutral zone.
0:16 of 3rd period - Snap shot by Eric Fehr.
0:16 of 3rd period - Shot Blocked by Dennis Seidenberg.
0:23 of 3rd period - Icing by Max Pacioretty.
0:24 of 3rd period - Bryan Little wins face-off versus Brad Richardson in Sewer Rats zone.
0:29 of 3rd period - Wrist shot by Bryan Little.
0:29 of 3rd period - Shot Misses the Net.
0:39 of 3rd period - Slapshot by Eric Fehr.
0:39 of 3rd period - Deflect By Max Pacioretty.
0:39 of 3rd period - Goal by Max Pacioretty - Sewer Rats : 2 - Demolitions : 0.
0:40 of 3rd period - Bryan Little wins face-off versus Brad Richardson in neutral zone.
1:08 of 3rd period - Icing by Bryan Little.
1:09 of 3rd period - Bryan Little wins face-off versus Marc-André Bernier in Sewer Rats zone.
1:09 of 3rd period - Bryan Little is hit by Nicolas Blanchard.
1:16 of 3rd period - Off-side.
1:17 of 3rd period - Brad Richardson wins face-off versus Derick Brassard in neutral zone.
1:20 of 3rd period - Slapshot by Taylor Chorney.
1:20 of 3rd period - Deflect By Derick Brassard.
1:20 of 3rd period - Stopped by Jonas Gustavsson without a rebound.
1:21 of 3rd period - Brad Richardson wins face-off versus Eric Fehr in Sewer Rats zone.
2:15 of 3rd period - Dennis Seidenberg is hit by Derek Dorsett and loses puck.
2:22 of 3rd period - Slapshot by Taylor Chorney.
2:22 of 3rd period - Shot Misses the Net.
2:50 of 3rd period - John-Michael Liles is hit by Brad Richardson and loses puck.
3:32 of 3rd period - Steven Kampfer is hit by Troy Brouwer and loses puck.
4:12 of 3rd period - Matt Lashoff is hit by Anthony Stewart.
4:16 of 3rd period - Brad Richardson is hit by Matt Lashoff and loses puck.
4:47 of 3rd period - James Sheppard is hit by Mark Mancari and loses puck.
5:14 of 3rd period - Slapshot by Troy Brouwer.
5:14 of 3rd period - Stopped by Jonas Gustavsson without a rebound.
5:15 of 3rd period - Derick Brassard wins face-off versus Ryan Craig in Sewer Rats zone.
5:44 of 3rd period - Wrist shot by Anthony Stewart.
5:44 of 3rd period - Shot Misses the Net.
5:46 of 3rd period - Slapshot by Anssi Salmela.
5:46 of 3rd period - Deflect By Kyle Okposo.
5:46 of 3rd period - Goal by Anssi Salmela - Sewer Rats : 2 - Demolitions : 1.
5:47 of 3rd period - Brad Richardson wins face-off versus Bryan Little in neutral zone.
5:54 of 3rd period - Snap shot by Anthony Stewart.
5:54 of 3rd period - Stopped by Jonas Gustavsson with a rebound.
6:00 of 3rd period - Wrist shot by Anthony Stewart.
6:00 of 3rd period - Deflect By Brad Richardson.
6:00 of 3rd period - Stopped by Jonas Gustavsson without a rebound.
6:01 of 3rd period - Brad Richardson wins face-off versus Bryan Little in Sewer Rats zone.
6:02 of 3rd period - Snap shot by Anthony Stewart.
6:02 of 3rd period - Stopped by Jonas Gustavsson without a rebound.
6:03 of 3rd period - Marco Sturm wins face-off versus Bryan Little in Sewer Rats zone.
6:04 of 3rd period - Snap shot by Brad Richardson.
6:04 of 3rd period - Shot Misses the Net.
6:06 of 3rd period - Wrist shot by Anthony Stewart.
6:06 of 3rd period - Deflect By Mike Rathje.
6:06 of 3rd period - Stopped by Jonas Gustavsson without a rebound.
6:07 of 3rd period - Brad Richardson wins face-off versus Max Pacioretty in Sewer Rats zone.
6:19 of 3rd period - Dennis Seidenberg is hit by Kyle Okposo and loses puck.
6:33 of 3rd period - Off-side.
6:34 of 3rd period - Derick Brassard wins face-off versus Ryan Craig in neutral zone.
6:55 of 3rd period - Slapshot by Brandon Bochenski.
6:55 of 3rd period - Stopped by Jonas Gustavsson without a rebound.
6:56 of 3rd period - Brad Richardson wins face-off versus Bryan Little in Sewer Rats zone.
7:21 of 3rd period - Derick Brassard is hit by Brandon Bochenski and loses puck.
7:46 of 3rd period - Wrist shot by Dennis Seidenberg.
7:46 of 3rd period - Shot Blocked by Tom Sestito.
8:02 of 3rd period - Snap shot by Karel Rachunek.
8:02 of 3rd period - Stopped by Antero Niittymaki without a rebound.
8:03 of 3rd period - Brad Richardson wins face-off versus Brandon Sutter in Demolitions zone.
8:39 of 3rd period - Snap shot by Brandon Sutter.
8:39 of 3rd period - Stopped by Antero Niittymaki without a rebound.
8:40 of 3rd period - Bryan Little wins face-off versus Brad Richardson in Demolitions zone.
9:11 of 3rd period - Off-side.
9:12 of 3rd period - Eric Fehr wins face-off versus Brad Richardson in neutral zone.
9:39 of 3rd period - Slapshot by Taylor Chorney.
9:39 of 3rd period - Goal by Taylor Chorney - Sewer Rats : 2 - Demolitions : 2.
9:40 of 3rd period - Brad Richardson wins face-off versus Bryan Little in neutral zone.
9:47 of 3rd period - Slapshot by Dennis Seidenberg.
9:47 of 3rd period - Shot Blocked by Karel Rachunek.
9:47 of 3rd period - Karel Rachunek from Sewer Rats is injured at 9:47 of 3rd period (Back).
9:48 of 3rd period - Brad Richardson wins face-off versus Bryan Little in Sewer Rats zone.
10:13 of 3rd period - Marco Sturm is hit by Tom Sestito and loses puck.
10:18 of 3rd period - Slapshot by Derek Dorsett.
10:18 of 3rd period - Stopped by Antero Niittymaki without a rebound.
10:19 of 3rd period - Lars Eller wins face-off versus Ryan Craig in Demolitions zone.
10:26 of 3rd period - Snap shot by Ryan Craig.
10:26 of 3rd period - Stopped by Jonas Gustavsson without a rebound.
10:27 of 3rd period - Ryan Craig wins face-off versus Max Pacioretty in Sewer Rats zone.
10:28 of 3rd period - Snap shot by Brandon Bochenski.
10:28 of 3rd period - Shot Misses the Net.
10:30 of 3rd period - Wrist shot by Ryan Craig.
10:30 of 3rd period - Stopped by Jonas Gustavsson with a rebound.
10:32 of 3rd period - Snap shot by Ryan Craig.
10:32 of 3rd period - Shot Misses the Net.
10:34 of 3rd period - Slapshot by Brandon Bochenski.
10:34 of 3rd period - Deflect By Kyle Quincey.
10:34 of 3rd period - Stopped by Jonas Gustavsson without a rebound.
10:35 of 3rd period - Bryan Little wins face-off versus Brad Richardson in Sewer Rats zone.
10:42 of 3rd period - Marco Sturm is hit by Bryan Little and loses puck.
10:53 of 3rd period - Wrist shot by Bryan Little.
10:53 of 3rd period - Stopped by Antero Niittymaki with a rebound.
10:55 of 3rd period - Slapshot by Max Pacioretty.
10:55 of 3rd period - Shot Misses the Net.
11:13 of 3rd period - Slapshot by Bryan Little.
11:13 of 3rd period - Stopped by Antero Niittymaki without a rebound.
11:14 of 3rd period - Ryan Craig wins face-off versus Derick Brassard in Demolitions zone.
11:14 of 3rd period - Ryan Craig is hit by John-Michael Liles.
11:19 of 3rd period - Icing by Anssi Salmela.
11:20 of 3rd period - Derick Brassard wins face-off versus Ryan Craig in Demolitions zone.
11:53 of 3rd period - Snap shot by Derek Dorsett.
11:53 of 3rd period - Stopped by Antero Niittymaki without a rebound.
11:54 of 3rd period - Brad Richardson wins face-off versus Kyle Okposo in Demolitions zone.
11:54 of 3rd period - Brad Richardson is hit by John Erskine.
13:02 of 3rd period - Anssi Salmela is hit by Matt Lashoff and loses puck.
13:54 of 3rd period - Snap shot by Bryan Little.
13:54 of 3rd period - Shot Misses the Net.
14:35 of 3rd period - Snap shot by Troy Brouwer.
14:35 of 3rd period - Shot Misses the Net.
14:49 of 3rd period - Wrist shot by Anthony Stewart.
14:49 of 3rd period - Stopped by Jonas Gustavsson with a rebound.
15:01 of 3rd period - Snap shot by Bryan Little.
15:01 of 3rd period - Stopped by Antero Niittymaki without a rebound.
15:02 of 3rd period - Nicolas Blanchard wins face-off versus Bryan Little in Demolitions zone.
15:11 of 3rd period - Snap shot by Anthony Stewart.
15:11 of 3rd period - Deflect By Marco Sturm.
15:11 of 3rd period - Shot Blocked by Mike Rathje.
15:11 of 3rd period - Puck is out of play.
15:12 of 3rd period - Bryan Little wins face-off versus Brad Richardson in Sewer Rats zone.
15:40 of 3rd period - Snap shot by Derick Brassard.
15:40 of 3rd period - Shot Blocked by Anssi Salmela.
16:24 of 3rd period - Snap shot by Troy Brouwer.
16:24 of 3rd period - Stopped by Jonas Gustavsson without a rebound.
16:25 of 3rd period - Brad Richardson wins face-off versus Lars Eller in Sewer Rats zone.
16:30 of 3rd period - Snap shot by Brad Richardson.
16:30 of 3rd period - Shot Misses the Net.
16:32 of 3rd period - Slapshot by Dennis Seidenberg.
16:32 of 3rd period - Stopped by Jonas Gustavsson with a rebound.
17:52 of 3rd period - Wrist shot by Lars Eller.
17:52 of 3rd period - Stopped by Antero Niittymaki with a rebound.
17:54 of 3rd period - Wrist shot by Lars Eller.
17:54 of 3rd period - Shot Misses the Net.
17:56 of 3rd period - Slapshot by John-Michael Liles.
17:56 of 3rd period - Stopped by Antero Niittymaki without a rebound.
17:57 of 3rd period - Bryan Little wins face-off versus Nicolas Blanchard in Demolitions zone.
18:24 of 3rd period - Slapshot by Kyle Quincey.
18:24 of 3rd period - Stopped by Antero Niittymaki with a rebound.
18:29 of 3rd period - Snap shot by Vojtech Polak.
18:29 of 3rd period - Shot Misses the Net.
18:51 of 3rd period - Slapshot by Pat Rissmiller.
18:51 of 3rd period - Shot Blocked by Marco Sturm.
18:55 of 3rd period - Snap shot by Eric Fehr.
18:55 of 3rd period - Stopped by Antero Niittymaki with a rebound.

Overtime #1


0:01 of 1st overtime period - Brad Richardson wins face-off versus Eric Fehr in neutral zone.
0:06 of 1st overtime period - Wrist shot by Brad Richardson.
0:06 of 1st overtime period - Goal by Brad Richardson - Sewer Rats : 2 - Demolitions : 3.


Output by the SimonT Hockey Simulator (STHS) for François Prévost -- Original Page W3C XHTML 1.0 Valid
Hockey Simulator - Hockey Simulation - Hockey Manager